 Dungeon Crawl Stone Soup version 0.24-a0-584-g9d6b971ae4 (webtiles) character file.

Game seed: 8805947258254979076, levelgen mode: deterministic

6164 Engwar the Skirmisher (level 10, -2/77 HPs)
             Began as a Gnoll Wanderer on Sept 2, 2019.
             Was the Champion of Ru.
             Hit by a large rock thrown by a cyclops (23 damage)
             ... on level 10 of the Dungeon.
             The game lasted 00:50:52 (9632 turns).

Engwar the Skirmisher (Gnoll Wanderer)              Turns: 9632, Time: 00:50:52

Health: -2/77      AC: 10    Str: 17    XL:     10   Next: 90%
Magic:  8/18       EV: 14    Int: 28    God:    Ru [******]
Gold:   420        SH:  0    Dex: 12    Spells: 3/20 levels left

rFire    x . .     SeeInvis .   b - +3 mace "Lepsium" {drain, rPois rF- rC+ Int+10}
rCold    + . .     Gourm    +   (shield unavailable)
rNeg     . . .     Faith    .   E - +0 leather armour
rPois    +         Spirit   .   w - +0 helmet
rElec    .         Reflect  .   l - +1 cloak {+Inv}
rCorr    .         Harm     .   (no gloves)
MR       +....                  z - +2 pair of boots
Stlth    +++.......             t - amulet of the gourmand
HPRegen  1.22/turn              (ring unavailable)
MPRegen  0.16/turn              q - ring of protection from magic

@: regenerating, studying Unarmed Combat
A: distributed training, fangs 1, no potion heal 1, missing a hand, hated by
all, unskilled 1, strong nose
a: Draw Out Power, Power Leap, Apocalypse, Renounce Religion, Evoke Invisibility


You were on level 10 of the Dungeon.
You worshipped Ru.
Ru was exalted by your worship.
You were full.

You visited 1 branch of the dungeon, and saw 10 of its levels.
You also visited: Ossuary.

You collected 700 gold pieces.
You spent 280 gold pieces at shops.

Inventory:

Hand Weapons
 a - a +2 short sword of venom
 b - the +3 mace "Lepsium" (weapon) {drain, rPois rF- rC+ Int+10}
   (You found it on level 4 of the Dungeon)

   A truly terrible weapon, it drains the life of those it strikes.
   It affects your intelligence (+10).
   It makes you vulnerable to fire.
   It protects you from cold.
   It protects you from poison.
 y - a +1 whip of freezing
 D - the +8 mace of Kil Omy {crush, *Slow rF+ Int+5, unknown}
   (You found it on level 9 of the Dungeon)

   It inflicts extra damage upon your enemies.
   It affects your intelligence (+5).
   It protects you from fire.
   It may slow you when you take damage.
 F - the cursed +0 long sword "Dudeu" {antimagic, Str+4, unknown}
   (You found it on level 9 of the Dungeon)

   It reduces the magical energy of the wielder, and disrupts the spells and
   magical abilities of those hit.
   Natural abilities and divine invocations are not affected.
   It affects your strength (+4).
   It has a curse placed upon it.
Missiles
 d - 14 poisoned darts
 h - 262 stones (quivered)
 m - 2 atropa-tipped darts
Armour
 l - a +1 cloak of invisibility (worn)
 w - a +0 helmet (worn)
 z - a +2 pair of boots (worn)
 E - a +0 leather armour (worn)
Jewellery
 q - a ring of protection from magic (right hand)
 t - an amulet of the gourmand (around neck)
Wands
 B - a wand of disintegration (18)
 H - a wand of iceblast (18)
 J - a wand of digging (4)
Scrolls
 c - 3 scrolls of teleportation
 j - a scroll of blinking
 u - 4 scrolls of remove curse
 C - 2 scrolls of fog
 G - 2 scrolls of enchant weapon
Potions
 e - 4 potions of brilliance
 i - 3 potions of lignification
 k - 2 potions of cancellation
 n - 2 potions of ambrosia
 o - 5 potions of flight
 p - 4 potions of heal wounds
 r - a potion of resistance {unknown}
 s - 4 potions of curing
 x - a potion of haste {unknown}
 A - a potion of invisibility {unknown}
 I - a potion of magic {unknown}
Books
 f - a manual of Unarmed Combat
Miscellaneous
 v - a phial of floods
Comestibles
 g - 11 rations


   Skills:
 + Level 6.7 Fighting
 + Level 5.1 Short Blades
 + Level 5.1 Long Blades
 + Level 5.1 Axes
 + Level 5.1 Maces & Flails
 + Level 5.1 Polearms
 + Level 5.1 Staves
 + Level 5.1 Slings
   Level 4.7 Bows
 + Level 5.1 Crossbows
 + Level 5.7 Throwing
 + Level 5.1 Armour
 + Level 5.7 Dodging
 + Level 6.4 Stealth
   Level 0.0 Shields
 + Level 6.0 Unarmed Combat
 + Level 5.8 Spellcasting
 + Level 4.2 Conjurations
 + Level 4.2 Hexes
 + Level 4.2 Charms
 + Level 4.2 Summonings
 + Level 4.2 Necromancy
 + Level 4.2 Translocations
 + Level 4.2 Transmutations
 + Level 4.2 Fire Magic
 + Level 4.2 Ice Magic
 + Level 4.2 Air Magic
 + Level 4.2 Earth Magic
 + Level 5.5 Poison Magic
 + Level 5.6 Invocations
 + Level 5.7 Evocations


You had 3 spell levels left.
You knew the following spells:

 Your Spells              Type           Power        Failure   Level  Hunger
a - Regeneration          Chrm/Necr      ####......   3%          3    None
b - Vampiric Draining     Necr           ####......   3%          3    None
c - Blink                 Tloc           N/A          1%          2    None
d - Magic Dart            Conj           ####         1%          1    None
e - Mephitic Cloud        Conj/Pois/Air  ####....     3%          3    None
f - Slow                  Hex            ####....     1%          2    None
g - Conjure Flame         Conj/Fire      ####....     3%          3    None

Your spell library contained the following spells:

 Spells                   Type           Power        Failure   Level  Hunger
 Pain                     Necr           ####         1%          1    None
 Animate Skeleton         Necr           Unusable     N/A         1    N/A
 Call Imp                 Summ           Unusable     N/A         2    N/A
 Animate Dead             Necr           Unusable     N/A         4    N/A

Dungeon Overview and Level Annotations

Branches:
Dungeon (10/15)            Temple (0/1) D:4         Ossuary (visited)
   Lair: D:8-11         Orc: D:9-12

Altars:
Ashenzari
Cheibriados
Gozag
Kikubaaqudgha
Makhleb
Qazlal
Ru
Sif Muna
Trog
Uskayaw
The Shining One

Shops:
D:6 :

Annotations:
D:4 Edmund
D:7 exclusion: door


Innate Abilities, Weirdness & Mutations

Your experience applies equally to all skills.
You have very sharp teeth.
Potions are less effective at restoring your health.
You are missing a hand.
You are hated by all.
You are somewhat unskilled. (-1 Apt)
Your uncanny sense of smell can sniff out nearby items.


Message History

Casting: Blink (safe; 1% risk of failure)
Confirm with . or Enter, or press ? or * to list all spells.
Aiming: Mephitic Cloud (safe; 3% risk of failure)
Press: ? - help, Shift-Dir - straight line
Okay, then.
Casting: Mephitic Cloud (safe; 3% risk of failure)
Confirm with . or Enter, or press ? or * to list all spells.
Aiming: Mephitic Cloud (safe; 3% risk of failure)
Press: ? - help, Shift-Dir - straight line, p - cyclops The ball explodes into a vile cloud!
The stinking cloud engulfs the cyclops but does no damage.
The cyclops is moderately wounded.
The cyclops is engulfed in noxious fumes.
The cyclops appears confused.
Casting: Mephitic Cloud (safe; 3% risk of failure)
Confirm with . or Enter, or press ? or * to list all spells.
Your skin crawls.
The cyclops seems less confused.
The cyclops throws a large rock.
The large rock hits you!!
You die...

###.#.#.#########..#
###.#..............#
....................#
..##.###.######..##.#
#. #.# #..##.# # #..
#..##.#
#.######..C..#
#.........##(#
#.######.@##.#
......##..##.#
#..........#
##..###.##.# ##
#..#.# ##.#.# ##.#
###


You could see a cyclops.

Vanquished Creatures
  2 two-headed ogres
  Pikel (D:5)
  A cyclops (D:7)
  Maurice (D:8)
  A meliai (D:7)
  Prince Ribbit (D:8)
  3 hogs (D:7)
  A human (D:7)
  A water moccasin (D:6)
  An ice beast (D:9)
  3 sky beasts
  An orc warrior (D:8)
  A slave (D:5)
  3 ogres
  6 centaurs
  Blork the orc (D:6)
  A wyvern zombie (D:9)
  2 scorpions
  2 howler monkeys (D:4)
  3 crimson imps
  A quasit (D:8)
  3 hounds
  2 jellies
  Crazy Yiuf (D:3)
  6 orc priests
  A centaur skeleton (D:8)
  An iguana (D:7)
  3 orc wizards
  11 worker ants
  A big kobold zombie (Ossuary)
  A hound zombie (D:9)
  A hound skeleton (D:5)
  8 mummies (Ossuary)
  A worker ant zombie (D:8)
  10 gnolls
  8 adders
  2 shadow imps (D:5)
  2 adder zombies
  2 worms (D:3)
  A dart slug (D:1)
  3 leopard geckos
  19 orcs
  9 giant cockroaches
  2 gnoll zombies (Ossuary)
  8 hobgoblins
  6 jackals
  6 quokkas
  7 bats
  4 frilled lizards
  9 goblins
  2 jackal zombies
  6 kobolds
  A kobold zombie (Ossuary)
  4 orc zombies (Ossuary)
  6 rats
194 creatures vanquished.

Notes
Turn   | Place    | Note
-------+----------+-------------------------------------------
     0 | D:1      | Engwar the Gnoll Wanderer began the quest for the Orb.
     0 | D:1      | Engwar set off with the following items: a +2 dagger, a
                  | potion of heal wounds, a +0 spear, 8 poisoned darts, a +0
                  | dagger, a +0 robe, a ration
     0 | D:1      | Reached XP level 1. HP: 20/20 MP: 4/4
    70 | D:1      | Reached XP level 2. HP: 17/26 MP: 5/5
   473 | D:1      | Reached XP level 3. HP: 20/31 MP: 7/7
   646 | D:1      | Found a sacrificial altar of Ru.
   651 | D:1      | Became a worshipper of Ru the Awakened
  1204 | D:2      | Reached skill level 1 in Invocations
  1418 | D:2      | Reached skill level 1 in Short Blades
  1418 | D:2      | Reached skill level 1 in Long Blades
  1418 | D:2      | Reached skill level 1 in Axes
  1418 | D:2      | Reached skill level 1 in Maces & Flails
  1418 | D:2      | Reached skill level 1 in Polearms
  1418 | D:2      | Reached skill level 1 in Staves
  1418 | D:2      | Reached skill level 1 in Slings
  1418 | D:2      | Reached skill level 1 in Bows
  1418 | D:2      | Reached skill level 1 in Crossbows
  1418 | D:2      | Reached skill level 1 in Armour
  1418 | D:2      | Reached skill level 1 in Shields
  1418 | D:2      | Reached skill level 1 in Unarmed Combat
  1702 | D:3      | Reached XP level 4. HP: 38/38 MP: 8/8
  1881 | D:3      | Reached skill level 1 in Conjurations
  1881 | D:3      | Reached skill level 1 in Hexes
  1881 | D:3      | Reached skill level 1 in Charms
  1881 | D:3      | Reached skill level 1 in Summonings
  1881 | D:3      | Reached skill level 1 in Necromancy
  1881 | D:3      | Reached skill level 1 in Translocations
  1881 | D:3      | Reached skill level 1 in Transmutations
  1881 | D:3      | Reached skill level 1 in Fire Magic
  1881 | D:3      | Reached skill level 1 in Ice Magic
  1881 | D:3      | Reached skill level 1 in Air Magic
  1881 | D:3      | Reached skill level 1 in Earth Magic
  1996 | D:3      | Reached XP level 5. HP: 28/43 MP: 9/9
  2151 | D:3      | Gained mutation: You are missing a hand. [Ru sacrifice]
  2151 | D:3      | Reached * piety under Ru
  2151 | D:3      | Reached ** piety under Ru
  2151 | D:3      | Reached *** piety under Ru
  2222 | D:3      | Reached XP level 6. HP: 33/50 MP: 10/10
  2940 | D:3      | Found a runed translucent door.
  2941 | D:3      | Noticed Crazy Yiuf
  2951 | D:3      | Killed Crazy Yiuf
  2951 | D:3      | Reached skill level 5 in Fighting
  3110 | D:4      | Got an ancient mace
  3137 | D:4      | Reached skill level 1 in Bows
  3138 | D:4      | Found a staircase to the Ecumenical Temple.
  3141 | D:4      | Found a stormy altar of Qazlal.
  3141 | D:4      | Noticed Edmund
  3357 | D:4      | Found an opulent altar of Gozag.
  3362 | D:4      | Found a bloodstained altar of Trog.
  3365 | D:4      | Found a hide-covered altar of Uskayaw.
  3461 | D:4      | Found a sand-covered staircase.
  3466 | Ossuary  | Entered an ossuary
  3584 | Ossuary  | Reached XP level 7. HP: 49/56 MP: 12/12
  4197 | D:4      | Found an ancient bone altar of Kikubaaqudgha.
  4253 | D:4      | Identified the +3 mace "Lepsium" {drain, rPois rF- rC+
                  | Int+10} (You found it on level 4 of the Dungeon)
  4367 | D:4      | Gained mutation: You are somewhat unskilled. (-1 Apt) [Ru
                  | sacrifice]
  4367 | D:4      | Reduced skill Conjurations to level 1
  4367 | D:4      | Reduced skill Hexes to level 1
  4367 | D:4      | Reduced skill Charms to level 1
  4367 | D:4      | Reduced skill Summonings to level 1
  4367 | D:4      | Reduced skill Necromancy to level 1
  4367 | D:4      | Reduced skill Translocations to level 1
  4367 | D:4      | Reduced skill Transmutations to level 1
  4367 | D:4      | Reduced skill Fire Magic to level 1
  4367 | D:4      | Reduced skill Ice Magic to level 1
  4367 | D:4      | Reduced skill Air Magic to level 1
  4367 | D:4      | Reduced skill Earth Magic to level 1
  4367 | D:4      | Reached **** piety under Ru
  4491 | D:5      | Entered Level 5 of the Dungeon
  4620 | D:5      | Noticed Pikel
  4645 | D:5      | Killed Pikel
  4645 | D:5      | Reached skill level 5 in Fighting
  4645 | D:5      | Reached XP level 8. HP: 51/62 MP: 13/13
  4677 | D:5      | Found a burning altar of Makhleb.
  4677 | D:5      | Noticed a blizzard demon
  4680 | D:5      | Noticed an orange demon
  5234 | D:5      | Reached skill level 5 in Stealth
  5663 | D:6      | Noticed Blork the orc
  5786 | D:6      | Killed Blork the orc
  5813 | D:6      | Reached XP level 9. HP: 61/68 MP: 15/15
  5894 | D:6      | Learned a level 3 spell: Regeneration
  5898 | D:6      | Learned a level 3 spell: Vampiric Draining
  5903 | D:6      | Learned a level 4 spell: Animate Dead
  6012 | D:6      | Gained mutation: Potions are less effective at restoring
                  | your health. [Ru sacrifice]
  6012 | D:6      | Reached ***** piety under Ru
  6021 | D:6      | Found Kyr Tumo's Book Boutique.
  6024 | D:6      | Bought a book of Minor Magic for 280 gold pieces
  6026 | D:6      | Learned a level 1 spell: Magic Dart
  6030 | D:6      | Learned a level 3 spell: Mephitic Cloud
  6423 | D:7      | Noticed a meliai
  6424 | D:7      | Found the +6 Majin-Bo {vamp, Archmagi MP+6 Int+6}
  6470 | D:7      | Noticed a cyclops
  6475 | D:7      | Killed a meliai
  6488 | D:7      | Killed a cyclops
  6548 | D:7      | Found a shimmering blue altar of Sif Muna.
  6821 | D:7      | Noticed an orc knight
  6887 | D:8      | Noticed Prince Ribbit
  7171 | D:8      | Killed Prince Ribbit
  7171 | D:8      | Reached skill level 5 in Spellcasting
  7171 | D:8      | Reached skill level 5 in Poison Magic
  7525 | D:7      | Reached skill level 5 in Throwing
  7525 | D:7      | Reached skill level 5 in Dodging
  7525 | D:7      | Reached skill level 5 in Evocations
  7525 | D:7      | Reached XP level 10. HP: 40/76 MP: 17/17
  7957 | D:8      | Reached skill level 5 in Unarmed Combat
  7973 | D:8      | Noticed a two-headed ogre
  8033 | D:8      | Killed a two-headed ogre
  8033 | D:8      | Reached skill level 5 in Invocations
  8492 | D:8      | Noticed Maurice
  8519 | D:8      | Killed Maurice
  8632 | D:8      | Found a glowing golden altar of the Shining One.
  8632 | D:8      | Found a snail-covered altar of Cheibriados.
  8633 | D:8      | Found a shattered altar of Ashenzari.
  8773 | D:9      | Gained mutation: You are hated by all. [Ru sacrifice]
  8773 | D:9      | Reached ****** piety under Ru
  8818 | D:9      | Found an opulent altar of Gozag.
  8897 | D:9      | Learned a level 2 spell: Blink
  8900 | D:9      | Learned a level 2 spell: Slow
  8904 | D:9      | Learned a level 3 spell: Conjure Flame
  9026 | D:9      | Noticed a two-headed ogre
  9039 | D:9      | Killed a two-headed ogre
  9039 | D:9      | Reached skill level 5 in Short Blades
  9039 | D:9      | Reached skill level 5 in Long Blades
  9039 | D:9      | Reached skill level 5 in Axes
  9039 | D:9      | Reached skill level 5 in Maces & Flails
  9039 | D:9      | Reached skill level 5 in Polearms
  9039 | D:9      | Reached skill level 5 in Staves
  9039 | D:9      | Reached skill level 5 in Slings
  9039 | D:9      | Reached skill level 5 in Crossbows
  9039 | D:9      | Reached skill level 5 in Armour
  9315 | D:9      | Got a smoking mace
  9530 | D:9      | Got a brightly glowing long sword
  9582 | D:10     | Entered Level 10 of the Dungeon
  9605 | D:10     | Noticed a cyclops
  9632 | D:10     | Hit by a large rock thrown by a cyclops

Levels and vault maps discovered:
D:1:      dpeg_arrival_prison, layout_basic, kennysheep_flooded_box
D:2:      layout_loops_ring, wad_floor_pattern_2
D:3:      layout_loops_corners, cheibrodos_sewer_entry_bend,
          minmay_misc_feat_columns, uniq_crazy_yiuf_cottage
D:4:      layout_loops_ring, nicolae_overflow_hidden_temple, old_standard_altar,
          grunt_temple_overflow_diamond, minmay_temple_entry_statues_fountains,
          enter_ossuary_5, uniq_edmund
D:5:      layout_layer_cave, first_ration, makhleb_altar_promises_db, uniq_pikel
D:6:      layout_cave_pools, serial_shops, shop, kennysheep_nondescript,
          uniq_blork_the_orc
D:7:      layout_gridville, led_sif_book, grunt_livestock, minmay_the_grid_2x2
          [minmay_the_grid_armoury, minmay_the_grid_doors,
          minmay_the_grid_holed_spiral, minmay_the_grid_prize_diamond_cup]
D:8:      layout_loops_ring, gammafunk_temple_overflow_claw, item_on_display_a,
          uniq_prince_ribbit1, uniq_maurice
D:9:      minmay_spotlight, layout_basic, dk_noncrumbling_3,
          nicolae_gozag_seed_capital
D:10:     layout_basic, david_lair_generic, grunt_decor_cap,
          hangedman_abyss_or_decor_lesser_grid, st_stairs_2, cheibriados_altar_1

Skill      XL: |  1  2  3  4  5  6  7  8  9 10 |
---------------+-------------------------------+-----
Invocations    | 1 2 3 4 5 |  5.6
Short Blades   | 1 2 3 4 5 |  5.1
Long Blades    | 1 2 3 4 5 |  5.1
Axes           | 1 2 3 4 5 |  5.1
Maces & Flails | 1 2 3 4 5 |  5.1
Polearms       | 1 2 3 4 5 |  5.1
Staves         | 1 2 3 4 5 |  5.1
Slings         | 1 2 3 4 5 |  5.1
Bows           | 1 0 1 2 3 4 |  4.7
Crossbows      | 1 2 3 4 5 |  5.1
Armour         | 1 2 3 4 5 |  5.1
Shields        | 1 0 |  0.0
Unarmed Combat | 1 2 3 4 6 |  6.0
Spellcasting   | 3 4 5 |  5.8
Conjurations   | 1 2 3 4 |  4.2
Hexes          | 1 2 3 4 |  4.2
Charms         | 1 2 3 4 |  4.2
Summonings     | 1 2 3 4 |  4.2
Necromancy     | 1 2 3 4 |  4.2
Translocations | 1 2 3 4 |  4.2
Transmutations | 1 2 3 4 |  4.2
Fire Magic     | 1 2 3 4 |  4.2
Ice Magic      | 1 2 3 4 |  4.2
Air Magic      | 1 2 3 4 |  4.2
Earth Magic    | 1 2 3 4 |  4.2
Throwing       | 3 4 5 |  5.7
Dodging        | 3 4 5 |  5.7
Evocations     | 3 4 5 |  5.7
Poison Magic   | 4 4 5 |  5.5
Fighting       | 5 5 6 |  6.7
Stealth        | 5 6 |  6.4

Action                   |  1- 3 |  4- 6 |  7- 9 | 10-12 || total
-------------------------+-------+-------+-------+-------++-------
Melee: Dagger            |    58 |       |       |       ||    58
       Bite              |    11 |     9 |    43 |    23 ||    86
       Short sword       |    61 |   113 |   236 |   159 ||   569
       Punch             |       |     1 |       |       ||     1
       Mace              |       |    35 |    78 |    21 ||   134
Throw: Stone             |       |    23 |    13 |       ||    36
 Cast: Magic Dart        |       |       |       |     7 ||     7
       Regeneration      |       |       |       |     7 ||     7
       Mephitic Cloud    |       |       |       |     3 ||     3
       Slow              |       |       |       |     2 ||     2
       Conjure Flame     |       |       |       |     1 ||     1
       Blink             |       |       |       |     1 ||     1
Invok: Sacrifice a Hand  |       |     1 |       |       ||     1
       Sacrifice Skill   |       |       |     1 |       ||     1
       Sacrifice Purity  |       |       |     1 |       ||     1
       Sacrifice Love    |       |       |       |     1 ||     1
 Abil: Evoke Invisibilit |       |       |     1 |       ||     1
  Use: Scroll            |     6 |     4 |     8 |     3 ||    21
       Potion            |       |     2 |     3 |       ||     5
 Stab: Sleeping          |     6 |     1 |    10 |     6 ||    23
       Invisible         |       |       |     5 |     1 ||     6
       Distracted        |       |       |       |     4 ||     4
       Paralysed         |       |       |       |     1 ||     1
  Eat: Chunk             |     3 |     3 |     9 |    21 ||    36
       Ration            |       |     1 |     1 |       ||     2
Armor: Robe              |     1 |       |       |       ||     1
       Ring mail         |    40 |    56 |    63 |       ||   159
       Leather armour    |     9 |       |    18 |    41 ||    68
Dodge: Dodged            |    76 |    81 |   164 |   107 ||   428

Table legend:
 A = Non-vault XP
 B = Vault XP
 C = Vault XP percentage of total XP
 D = Non-vault monster count
 E = Vault monster count
 F = Vault count percentage of total count
                 A         B        C        D         E       F
            +---------+---------+-------+---------+---------+-------
      Total |    5172 |    3634 |  41.3 |     152 |      41 |  21.2
            +---------+---------+-------+---------+---------+-------
        D:1 |      35 |       8 |  18.6 |      20 |       6 |  23.1
        D:2 |      36 |       0 |   0.0 |      13 |       0 |   0.0
        D:3 |     335 |      52 |  13.4 |      33 |       3 |   8.3
        D:4 |     293 |       0 |   0.0 |       9 |       0 |   0.0
        D:5 |     432 |     586 |  57.6 |      16 |       1 |   5.9
        D:6 |     616 |     100 |  14.0 |      14 |       1 |   6.7
        D:7 |     445 |    1744 |  79.7 |      15 |      10 |  40.0
        D:8 |    1524 |     775 |  33.7 |      23 |       2 |   8.0
        D:9 |    1456 |     183 |  11.2 |       9 |       2 |  18.2
    Ossuary |       0 |     186 | 100.0 |       0 |      16 | 100.0
            +---------+---------+-------+---------+---------+-------
